 Dungeon Crawl Stone Soup version 0.32-a0-918-g0f22ef8d61 (webtiles) character file.

Game seed: 12133180341775558248

445 Descartes the Shield-Bearer (level 6, -7/56 HPs)
             Began as a Mountain Dwarf Fighter on Apr 11, 2024.
             Killed from afar by a gargoyle (29 damage)
             ... with a stone arrow
             ... on level 7 of the Dungeon.
             The game lasted 00:05:20 (2478 turns).

Descartes the Shield-Bearer (MDFi)                  Turns: 2478, Time: 00:05:20

Health: -7/56      AC: 11    Str: 20    XL:     6   Next: 72%
Magic:  6/6        EV:  8    Int:  9    God:
Gold:   188        SH: 10    Dex: 15    Spells: 5/5 levels left

rFire   . . .        a - +0 war axe
rCold   . . .        c - +0 buckler
rNeg    . . .        b - +0 scale mail
rPois   .            (no helmet)
rElec   .            s - +0 cloak
rCorr   .            p - +0 pair of gloves
SInv    .            q - +0 pair of boots
Will    .....        m - amulet of reflection Stlth
                     u - +6 ring of dexterity
HPRegen 0.29/turn    (no ring)
MPRegen 0.10/turn

%: reflection
@: no status effects
A: runic magic, artefact enchanting
a: no special abilities


You were on level 7 of the Dungeon.
You visited 1 branch of the dungeon, and saw 7 of its levels.

You collected 188 gold pieces.

Inventory:

Hand Weapons
 a - a +0 war axe (weapon)
 r - a +3 dagger of electrocution
Missiles
 l - 6 atropa-tipped darts (quivered)
Armour
 b - a +0 scale mail (worn)
 c - a +0 buckler (worn)
 p - a +0 pair of gloves (worn)
 q - a +0 pair of boots (worn)
 s - a +0 cloak (worn)
Jewellery
 m - an amulet of reflection (around neck)
 u - a +6 ring of dexterity (left hand)
Wands
 v - a wand of light (10)
Scrolls
 g - 2 scrolls of amnesia
 j - a scroll of butterflies {unknown}
 k - a scroll of torment
 o - a scroll of identify
 t - 2 scrolls of fog
Potions
 d - a potion of might
 e - a potion of enlightenment {unknown}
 f - a potion of ambrosia {unknown}
 h - 2 potions of magic {unknown}
 i - 2 potions of heal wounds {unknown}
 n - a potion of curing {unknown}
 w - a potion of cancellation {unknown}
 x - a potion of lignification {unknown}


   Skills:
 + Level 5.0 Fighting
 + Level 4.8 Axes
 + Level 5.0 Armour
 + Level 5.1 Shields


You had 5 spell levels left.
You didn't know any spells.
Your spell library contained the following spells:

 Spells                   Type           Power      Damage    Failure   Level
 Magic Dart               Conj           0%         1d3       54%         1
 Blink                    Tloc           0%         N/A       67%         2
 Call Imp                 Summ           0%         N/A       67%         2
 Sublimation of Blood     Necr           0%         N/A       67%         2
 Volatile Blastmotes      Fire/Tloc      0%         2d10      88%         3
 Fulminant Prism          Conj/Alch      0%         3d5       99%         4
 Iskenderun's Mystic Bla Conj/Tloc 0%             2d3        (+2d1     99%         4
 Summon Hydra             Summ           0%         N/A       100%        7


Dungeon Overview and Level Annotations

Branches:
Dungeon (8/15)             Temple (0/1) D:5
   Lair: D:8-11

Altars:
Ashenzari
Fedhas
Qazlal
Xom


Innate Abilities, Weirdness & Mutations

Your spellcasting is much less encumbered by armour.
You can use scrolls of enchantment on lesser artefacts.


Message History

There is an open door here.
j - a scroll labelled DENON TIMNARISCH You feel your willpower return.
Found a scroll of identify.
You hear the faint creaking of a very distant portcullis.
o - a scroll of identify
Found a scale mail.
A gargoyle comes into view. It is wielding a +0 flail.
Found a fuming blue potion.
You block the gargoyle's attack.
You hit the gargoyle but do no damage. You block the gargoyle's attack.
You hit the gargoyle but do no damage. The gargoyle closely misses you.
You hit the gargoyle but do no damage.
The gargoyle hurls a stone arrow at you.
The stone arrow hits you!
You hit the gargoyle but do no damage. The gargoyle hits you with a +0 flail.
The gargoyle hits you but does no damage.
You hit the gargoyle but do no damage. You block the gargoyle's attack.
Unknown command.
You hit the gargoyle but do no damage. You block the gargoyle's attack.
You hit the gargoyle but do no damage.
The gargoyle hits you with a +0 flail. x2
You slash the gargoyle!
The gargoyle is heavily damaged.
The gargoyle hits you with a +0 flail!
You hit the gargoyle but do no damage.
The gargoyle is heavily damaged.
The gargoyle hurls a stone arrow at you.
You block the stone arrow... and reflect it back!
The stone arrow hits the gargoyle!
You hit the gargoyle but do no damage.
The gargoyle is severely damaged.
You block the gargoyle's attack.
The gargoyle hurls a stone arrow at you.
The stone arrow misses you.
You barely miss the gargoyle.
The gargoyle is severely damaged.
The gargoyle hurls a stone arrow at you.
The stone arrow hits you!!
Ouch! That really hurt!
You die...

#.# #.# #.# #.#
#######.########
#########.......#.......
#......##.####..#.......
#.####.##.#!.........#
#.####.##.#.##.@..####
#.##........#..9..#
#.##.#.##.####[...#
#.##.#.##.# #..#...
#.##.#.##.. ...#####
#......########.#
####.####### ##+##
#........###...####
#..#####.#......PP##


You could see a gargoyle.

Vanquished Creatures
  A phantom (D:4)
  2 bombardier beetles
  A jelly (D:4)
  3 hounds
  Jessica (D:3)
  Natasha (thrice) (D:3)
  3 adders
  2 dart slugs
  3 endoplasms
  4 giant cockroaches
  6 goblins
  5 hobgoblins
  7 jackals
  3 quokkas
  9 ball pythons
  2 bats
  2 frilled lizards (D:1)
  4 kobolds
  4 rats
65 creatures vanquished.

Notes
Turn   | Place    | Note
-------+----------+-------------------------------------------
     0 | D:1      | Descartes the Mountain Dwarf Fighter began the quest for
                  | the Orb.
     0 | D:1      | Reached XP level 1. HP: 19/19 MP: 1/1
    40 | D:1      | Reached XP level 2. HP: 18/26 MP: 2/2
   598 | D:2      | Reached XP level 3. HP: 24/31 MP: 3/3
   777 | D:2      | Reached XP level 4. HP: 36/40 MP: 4/4
   897 | D:2      | Found a faded altar of an unknown god.
  1198 | D:3      | Noticed Jessica
  1202 | D:3      | Killed Jessica
  1263 | D:3      | Found a shimmering altar of Xom.
  1265 | D:3      | Noticed Natasha
  1277 | D:3      | Killed Natasha
  1278 | D:3      | Reached XP level 5. HP: 36/46 MP: 5/5
  1533 | D:3      | Found a broken altar of Ashenzari.
  1544 | D:3      | Noticed Natasha
  1557 | D:3      | Killed Natasha
  1589 | D:3      | Noticed Natasha
  1602 | D:3      | Killed Natasha
  1959 | D:4      | Reached XP level 6. HP: 53/53 MP: 6/6
  2071 | D:4      | Reached skill level 5 in Shields
  2221 | D:4      | Reached skill level 5 in Fighting
  2221 | D:4      | Reached skill level 5 in Armour
  2371 | D:5      | Entered Level 5 of the Dungeon
  2380 | D:5      | You fall into a shaft and drop 3 floors!
  2389 | D:7      | Found a stormy altar of Qazlal.
  2392 | D:7      | Found a blossoming altar of Fedhas.
  2464 | D:7      | Noticed a gargoyle
  2478 | D:7      | Killed from afar by a gargoyle

Illustrated notes

Levels and vault maps discovered:
D:1:      minmay_arrival_checkered_box, layout_rooms, nicolae_eternal_life,
          minmay_misc_feat_encased
D:2:      layout_rooms, chequers_ecumenical_altar_lobes
D:3:      layout_basic, ashenzari_altar_1, old_standard_altar, uniq_jessica,
          uniq_natasha
D:4:      layout_rooms
D:5:      layout_basic, old_standard_altar, lemuel_tele_altar,
          minmay_temple_entry_junction, cheibrodos_sewer_entry_drain,
          serial_bayou, serial_bayou_ford_a, serial_bayou_shore_b,
          serial_bayou_shore_b, serial_bayou_pond_b, serial_bayou_pond_e,
          st_stairs_12
D:7:      layout_loops_corners, lemuel_round_altar,
          grunt_temple_overflow_forces_of_nature, enter_bailey_5
D:8:      layout_rooms, lemuel_round_altar, minmay_misc_feat_plants,
          minivault_23, grunt_ministairs_10, chequers_serial_rivers_room_a

Skill      XL: |  1  2  3  4  5  6 |
---------------+-------------------+-----
Axes           | 3 4 |  4.8
Shields        | 4 5 |  5.1
Fighting       | 4 5 |  5.0
Armour         | 4 5 |  5.0

Action                     |  1- 3 |  4- 6 || total
---------------------------+-------+-------++-------
  Melee: War axe           |    73 |   129 ||   202
    Use: Scroll            |       |     8 ||     8
 Armour: Scale mail        |    75 |   111 ||   186
  Dodge: Dodged            |    39 |    57 ||    96
  Block: Buckler           |    20 |    91 ||   111
         Reflection        |       |     1 ||     1

Table legend: (Time is in decaauts)
 A = Elapsed time spent in this place.
 B = Non-inter-level travel time spent in this place.
 C = Inter-level travel time spent in this place.
 D = Time resting spent in this place.
 E = Time spent auto-exploring this place.
 F = Levels seen in this place.
 G = Mean time per level.
                   A        B        C        D        E       F      G
               +--------+--------+--------+--------+--------+-----+--------+
         Total |   2557 |   2365 |    192 |      0 |   1753 |   7 |  365.3 |
       Dungeon |   2557 |   2365 |    192 |      0 |   1753 |   7 |  365.3 |
               +--------+--------+--------+--------+--------+-----+--------+

Top non-repeatable levels by time:
     D:3: 819 daAuts
     D:1: 640 daAuts
     D:2: 532 daAuts
     D:4: 456 daAuts
     D:7: 91 daAuts
     D:8: 8 daAuts
     D:5: 8 daAuts
